 Dungeon Crawl Stone Soup version 0.19-a0-1834-g6b7851e (webtiles) character file.

104 Alarkh the Ruffian (level 4, 0/40 HPs)
             Began as a Ghoul Monk on Oct 9, 2016.
             Slain by a gnoll (8 damage)
             ... on level 2 of the Dungeon.
             The game lasted 00:02:21 (1652 turns).

Alarkh the Ruffian (Ghoul Monk)                     Turns: 1652, Time: 00:02:22

Health: 0/40       AC:  4    Str: 14    XL:     4   Next: 80%
Magic:  3/3        EV: 12    Int:  6    God:
Gold:   91         SH:  0    Dex: 11    Spells: 0 memorised, 3 levels left

rFire  . . .     SeeInvis .       - Unarmed
rCold  + . .     Gourm    .     f - +0 leather armour (curse)
rNeg   + + +     Faith    .     (no shield)
rPois  ∞         Spirit   .     d - +0 helmet
rElec  .         Dismiss  .     (no cloak)
rCorr  .         Reflect  .     (no gloves)
MR     .....     Harm     .     (no boots)
Stlth  ++........               (no amulet)
                                (no ring)
                                (no ring)

@: rotting
A: rotting body, claws 1, carnivore 3, cold resistance 1, negative energy
resistance 3, slow regeneration 1, torment resistance, unbreathing
a: no special abilities


You were on level 2 of the Dungeon.
You were not hungry.

You visited 1 branch of the dungeon, and saw 2 of its levels.

You collected 91 gold pieces.

Inventory:

Armour
 a - a +0 robe
 d - a +0 helmet (worn)
 f - a cursed +0 leather armour (worn)
Scrolls
 c - a scroll of amnesia {unknown}
 e - a scroll of noise {unknown}
 h - a scroll of identify {unknown}
 k - a scroll of fear {unknown}
 m - a scroll of remove curse {unknown}
 n - a scroll of magic mapping {unknown}
 o - a scroll of random uselessness {unknown}
Potions
 i - a potion of mutation {unknown}
 j - a potion of curing {unknown}
 l - a potion of invisibility {unknown}
Comestibles
 b - 2 meat rations
 g - 8 chunks of flesh


   Skills:
 + Level 4.1 Fighting
 + Level 3.3 Dodging
 - Level 2.1 Stealth
 * Level 4.7 Unarmed Combat


You had 3 spell levels left.
You didn't know any spells.

Dungeon Overview and Level Annotations

Branches:
Dungeon (2/15)

Altars:


Innate Abilities, Weirdness & Mutations

Your body is rotting away.
You thrive on raw meat.
You are immune to poison.
You have sharp fingernails.
You are carnivorous and can eat meat at any time.
Your flesh is cold resistant. (rC+)
You are immune to negative energy. (rN+++)
You regenerate slowly when monsters are visible.
You are immune to unholy pain and torment.
You can survive without breathing.


Message History

The gnoll is heavily wounded.
The gnoll hits you.
* * * LOW HITPOINT WARNING * * *
The gnoll throws a stone.
The stone hits you.
* * * LOW HITPOINT WARNING * * *
You see here a stone.
The gnoll throws a stone.
The stone closely misses you.
The gnoll throws a stone.
The stone misses you.
Eat one of 9 chunks of flesh? (ye/n/q)
You start eating one of the 9 chunks of flesh.
Keep eating?
You continue eating. x2
You finish eating.
This raw flesh tastes great!
The gnoll misses you.
Eat one of 8 chunks of flesh? (ye/n/q)
You start eating one of the 8 chunks of flesh.
Keep eating?
You continue eating.
The gnoll hits you!
You die...

#.# #.#.##### #
#.# #...)...#
## #.#
#...###.####.
#.# #...#
#...... #.#
#...# ######.
#(# #.... ##
#(# ##... #
######.# #....
# #(..g@.#
..... .
#.###### ......
# #.# #.# #(#
#.# .#
#####.#######.#
#.............#
#.###.#######.#
#


You could see a gnoll.

Vanquished Creatures
  Ijyb (D:2)
  2 gnolls (D:2)
  2 adders (D:2)
  A dart slug (D:2)
  2 leopard geckos (D:2)
  An orc (D:2)
  5 bats
  A giant cockroach (D:1)
  6 goblins
  5 hobgoblins
  A quokka (D:2)
  2 frilled lizards (D:1)
  8 rats
37 creatures vanquished.

Notes
Turn   | Place    | Note
-------+----------+-------------------------------------------
     0 | D:1      | Alarkh the Ghoul Monk began the quest for the Orb.
     0 | D:1      | Reached XP level 1. HP: 19/19 MP: 0/0
   192 | D:1      | Reached XP level 2. HP: 25/26 MP: 1/1
   924 | D:2      | Reached XP level 3. HP: 30/33 MP: 2/2
  1351 | D:2      | Noticed Ijyb
  1366 | D:2      | Killed Ijyb
  1366 | D:2      | Reached XP level 4. HP: 35/40 MP: 3/3
  1640 | D:2      | HP: 1/40 [gnoll/stone (6)]
  1652 | D:2      | Slain by a gnoll

Vault maps used:
D:1:      eino_arrival_water_star, serial_curves, eino_curves_01,
          eino_curves_04, minmay_door_square, minmay_cut_off
D:2:      okawaru_altar_gauntlet_db, uniq_iyjb

Skill      XL: |  1  2  3 |
---------------+----------+-----
Unarmed Combat | 4 |  4.7
Dodging        | 3 |  3.3
Fighting       | 4 |  4.1
Stealth        | |  2.1

Action                   |  1- 3 |  4- 6 || total
-------------------------+-------+-------++-------
Melee: Unarmed           |    99 |    38 ||   137
 Stab: Sleeping          |     1 |       ||     1
  Eat: Chunk             |     3 |     3 ||     6
Armor: Robe              |    10 |       ||    10
       Leather armour    |    11 |     9 ||    20
Dodge: Dodged            |    67 |    28 ||    95
